Cogmind - Beta 13 @@@ ROGUE MODE // 2024.04.03 @ 18:42:20 Player: Phosphorus Result: Destroyed by G-47 Trooper with Particle Gun Performance ------------- Evolutions (2) 1000 Regions Visited (5) 1000 Robots Destroyed (108) 540 Value Destroyed (3653) 3653 Prototype IDs (7) 140 Alien Tech Used (0) 0 Bonus (553) 553 TOTAL SCORE: 6886 Bonus ------- High Alert Combat Kills 353 Entered Garrisons 200 Cogmind --------- Core Integrity 0/550 Matter 300/300 Energy 250/280 System Corruption 0% Temperature Cool (9) Movement Treading (240) Ox1 Location -8/Materials Parts ------- > --- POWER (1) -------- Heavy Ion Engine > --- PROPULSION (4) --- Light Treads Light Treads > --- UTILITY (4) ------ Improved Heat Sink High-capacity Storage Unit Improved Sensor Array Improved Signal Interpreter > --- WEAPON (2) ------- Advanced Beam Rifle Advanced Beam Rifle > --- INVENTORY (20) --- Light Nuclear Core Flight Unit Flight Unit Flight Unit Improved Flight Unit Improved VTOL Module Compact Matter Pod (150) Transport Network Coupler Hacking Suite Improved Medium Laser Improved Medium Laser Advanced Beam Rifle Advanced Beam Rifle Advanced Beam Rifle Missile Launcher Improved Datajack Multitool Axe Peak State ------------ > --- POWER ------------ Light Angular Momentum Engine > --- PROPULSION ------- Light Treads Light Treads Light Treads Improved VTOL Module > --- UTILITY ---------- Advanced Heat Sink High-capacity Storage Unit Advanced Targeting Computer Hardened Medium Armor Plating > --- WEAPON ----------- Advanced Beam Rifle Subdweller Machine Gun > --- INVENTORY -------- Ion Engine Ion Engine Light Nuclear Core Light Treads Light Treads Medium Matter Pod Improved Sensor Array Hardened Medium Armor Plating Hardened Medium Armor Plating Hacking Suite Heavy EM Shotgun Beam Cannon Subdweller Beam Cannon Minigun Minigun Light Cannon Light Cannon Mini Grenade Launcher Improved Datajack Multitool [Rating: 34] Favorites ----------- Power Subdweller Power Source Engine Subdweller Power Source Power Core Light Nuclear Core Propulsion Light Treads Treads Light Treads Flight Unit Flight Unit Utility Seismic Detector Device Seismic Detector Storage Large Storage Unit Processor Advanced Targeting Computer Protection Hardened Medium Armor Plating Weapon Subdweller Machine Gun Energy Gun Advanced Beam Rifle Energy Cannon Subdweller Beam Cannon Ballistic Gun Subdweller Machine Gun Ballistic Cannon Light Cannon Special Weapon Mining Laser Slashing Weapon Axe Build | -11 -10 -10 -8 -8 -8 ------- Run | Yrd Mat Sub Mat Gar Mat Slots Evolved 4 | . . . 4 . . Power . | . . . . . . Propulsion 2 | . . . 2 . . Utility 2 | . . . 2 . . Weapon . | . . . . . . Parts Attached 135 | 7 11 34 47 6 30 Power 17 | 1 2 4 5 . 5 Engine 13 | 1 1 4 4 . 3 Core 4 | . 1 . 1 . 2 Reactor . | . . . . . . Propulsion 29 | 2 1 2 10 5 9 Treads 23 | 2 1 2 9 5 4 Leg . | . . . . . . Wheel . | . . . . . . Hover . | . . . . . . Flight 6 | . . . 1 . 5 Utility 24 | 2 1 . 12 1 8 Device 9 | 1 . . 5 . 3 Storage 4 | 1 1 . 1 . 1 Processor 3 | . . . 1 . 2 Hackware . | . . . . . . Protection 8 | . . . 5 1 2 Artifact . | . . . . . . Weapon 65 | 2 7 28 20 . 8 Energy Gun 11 | 1 . 3 2 . 5 Energy Cannon 11 | . 2 7 2 . . Ballistic Gun 22 | 1 2 7 9 . 3 Ballistic Cannon 3 | . 1 2 . . . Launcher . | . . . . . . Special Weapon 17 | . 2 9 6 . . Impact Weapon . | . . . . . . Slashing Weapon 1 | . . . 1 . . Piercing Weapon . | . . . . . . Special Melee Weapon . | . . . . . . Unidentified Prototypes 7 | . . . 4 . 3 Parts Lost 23 | . . 2 4 1 16 Power 4 | . . . 2 . 2 Propulsion 8 | . . . 2 . 6 Utility 5 | . . . . 1 4 Weapon 6 | . . 2 . . 4 Highest Loss Streak 10 | . . 1 2 1 10 To Critical Strikes . | . . . . . . Average Slot Usage (%) 96 | . 99 99 96 99 73 Engine 11 | . 10 14 8 9 4 Treads 28 | . 27 28 35 36 17 Device 12 | . 14 14 8 9 10 Storage 12 | . 14 14 9 9 9 Processor 2 | . . . 6 9 7 Protection 2 | . . . 9 8 3 Energy Gun 6 | . . 6 7 9 12 Energy Cannon 6 | . 6 9 2 . . Ballistic Gun 8 | . 17 7 8 9 5 Ballistic Cannon 1 | . 2 2 . . . Special Weapon 1 | . . 3 . . . Naked Turns . | . . . . . . Heaviest Build 76 | 14 32 42 76 62 62 Greatest Support 80 | 40 40 40 80 80 80 Greatest Overweight (x) 18 | . 1 1 1 . 18 Average Overweight (x) . | . . . . . 1 Largest Inventory Capacity 20 | 8 15 15 20 20 20 Average Capacity 16 | 7 14 15 19 20 20 Most Carried 20 | 7 15 15 20 20 20 Average Carried 15 | 4 14 14 17 19 18 Final Capacity 20 | 8 15 15 20 20 20 Final Carried 20 | 7 15 15 20 20 18 Class Distribution -------------------- 74% | Mutant 25% | Scavenger-Mutant Dominant Class ---------------- Mutant | -10/Materials Mutant | -10/Subcaves Scavenger-Mutant | -8/Materials Scavenger-Mutant | -8/Garrison Scavenger-Mutant | -8/Materials Resources | -11 -10 -10 -8 -8 -8 ----------- Run | Yrd Mat Sub Mat Gar Mat Matter Collected 2978 | 271 221 555 1114 137 680 Remotely . | . . . . . . Salvage Created 4967 | 86 382 613 1786 559 1541 Parts 232 | 8 21 41 72 30 60 Haulers Intercepted 10 | . 2 . 4 . 4 Recyclers Shooed 5 | . . . 2 . 3 Parts Field Recycled . | . . . . . . Retrieved Matter . | . . . . . . Parts Self-Destructed 22 | . . 22 . . . Prevented . | . . . . . . Kills | -11 -10 -10 -8 -8 -8 ------- Run | Yrd Mat Sub Mat Gar Mat Combat Hostiles Destroyed 79 | . 6 16 23 13 21 Guns 61 | . 2 6 19 13 21 Cannons 14 | . 4 8 2 . . Classes Destroyed 14 | 2 4 2 5 1 . Worker 3 | . . . 2 . 1 Builder 1 | . . . 1 . . Tunneler 1 | 1 . . . . . Hauler 10 | . 2 . 4 . 4 Recycler 8 | 1 1 . 2 . 4 Operator 3 | . 1 . 1 . 1 Watcher 3 | . . . 2 . 1 Swarmer 12 | . 2 4 . 4 2 Grunt 38 | . 4 . 16 5 13 Brawler 2 | . . . . 1 1 Sentry 12 | . . . 6 3 3 Hunter 3 | . . . 1 . 2 Artisan 1 | . . 1 . . . Subdweller 12 | . . 12 . . . Best Kill Streak 5 | 1 2 4 4 5 4 Combat Bots Only 5 | . 2 4 3 5 4 Max Kills in Single Turn 2 | 1 1 2 2 1 1 Gunslinging . | . . . . . . Exploded . | . . . . . . Melee . | . . . . . . Uniques/NPCs Destroyed . | . . . . . . Combat | -11 -10 -10 -8 -8 -8 -------- Run | Yrd Mat Sub Mat Gar Mat Hostile Shots Fired 483 | . 32 82 128 65 176 Missed 124 | . 6 24 42 8 44 Damage Taken 5086 | . 262 795 1357 712 1960 Core 701 | . 28 122 178 79 294 Absorbed by Shields 20 | . . . . . 20 Regen/Repaired (Parts) 187 | . 77 . 110 . . Core Remaining (%) 70 | 100 . 40 . . . Volleys Fired 422 | 3 37 166 97 33 86 Largest 2 | 2 2 2 2 2 2 Hottest 180 | 60 100 180 141 84 122 Shots Fired 695 | 6 69 206 183 62 169 Gun 493 | 6 48 52 156 62 169 Cannon 99 | . 16 56 27 . . Launcher . | . . . . . . Special 103 | . 5 98 . . . Kinetic 282 | 3 41 35 90 30 83 Thermal 413 | 3 28 171 93 32 86 Explosive . | . . . . . . Electromagnetic . | . . . . . . Robot Hit Streak 34 | 3 8 34 29 17 26 Robot Miss Streak 5 | 1 3 1 5 2 3 Penetration Max . | . . . . . . Secondary Targets 14 | . 1 1 1 5 6 Max Gunslinging Chain 1 | . 1 1 1 1 1 Shots Hit Robots 441 | 4 40 99 125 49 124 Core Hits 174 | 3 14 27 56 21 53 Critical Kills 6 | . . 3 1 . 2 Critical Parts Destroyed . | . . . . . . Critical Strikes 27 | . . 4 9 4 10 Burn 20 | . . . 8 4 8 Meltdown 3 | . . 2 1 . . Destroy 4 | . . 2 . . 2 Melee Attacks 1 | . . . 1 . . Impact . | . . . . . . Slashing 1 | . . . 1 . . Piercing . | . . . . . . Sneak Attacks . | . . . . . . Combat Hostiles . | . . . . . . Follow-up Attacks . | . . . . . . Damage Inflicted 8405 | 54 538 2061 2679 868 2205 Guns 6539 | 50 324 868 2228 868 2201 Cannons 1386 | . 214 731 441 . . Explosions . | . . . . . . Melee . | . . . . . . Ramming 18 | 4 . . 10 . 4 Kinetic 3299 | 27 269 497 1108 328 1070 Thermal 5088 | 23 269 1564 1561 540 1131 Explosive . | . . . . . . Electromagnetic . | . . . . . . Impact . | . . . . . . Slashing . | . . . . . . Piercing . | . . . . . . Highest Corruption 2 | . 2 2 . . . Average Corruption 2 | . 2 2 . . . Corruption Purged . | . . . . . . Corruption Blocked . | . . . . . . Effects 65 | . 7 58 . . . Message Errors 12 | . 1 11 . . . Matter Fused 21 | . 3 18 . . . Heat Flow Errors 4 | . . 4 . . . Energy Discharges 7 | . 1 6 . . . Parts Fused 1 | . . 1 . . . Data Loss (minor) 6 | . 1 5 . . . Data Loss (major) 4 | . . 4 . . . Misfires 4 | . . 4 . . . Alerts 5 | . 1 4 . . . Weapon Failures 1 | . . 1 . . . Overload Shots . | . . . . . . Overflow Damage 17 | . . 9 8 . . Projectiles 17 | . . 9 8 . . Explosions . | . . . . . . Melee . | . . . . . . Knockbacks 2 | . . 2 . . . Impact . | . . . . . . Kinetic 2 | . . 2 . . . Secondary . | . . . . . . Self-Inflicted Damage . | . . . . . . Shots . | . . . . . . Rammed 7 | 3 . . 3 . 1 Targets Rammed 7 | 3 . . 3 . 1 Kicked . | . . . . . . Crushed . | . . . . . . Highest Temperature 321 | . 162 120 321 4 302 Average Temperature 73 | . 47 22 94 4 83 Received Heat Transfer 2236 | . 90 201 630 252 1063 Effects 1 | . . . 1 . . Interference 1 | . . . 1 . . Siege Activations . | . . . . . . Robots Corrupted . | . . . . . . Combat Hostiles . | . . . . . . Parts Fried . | . . . . . . Impact Corruptions . | . . . . . . Robots Melted 4 | . . 2 2 . . Combat Hostiles 4 | . . 2 2 . . Parts Melted 27 | . 1 3 13 2 8 Heat Transferred 10680 | 50 569 2698 3256 1295 2812 Parts Sabotaged . | . . . . . . Parts Stolen . | . . . . . . Parts Stripped . | . . . . . . Power Chain Reactions . | . . . . . . Alert | -11 -10 -10 -8 -8 -8 ------- Run | Yrd Mat Sub Mat Gar Mat Peak Influence 665 | 10 83 . 571 656 665 Initial 319 | . 6 . 114 316 319 Average 297 | 4 40 . 318 495 523 Maximum Alert Level 2 | . . . 2 2 2 Low Security (%) 37 | 100 100 . 18 . . Level 1 22 | . . . 54 17 7 Level 2 39 | . . . 27 82 92 Level 3 . | . . . . . . Level 4 . | . . . . . . Level 5 . | . . . . . . High Security . | . . . . . . Max Security . | . . . . . . Squads Dispatched 9 | . 1 . 5 . 3 Investigation 3 | . . . 2 . 1 Extermination . | . . . . . . Reinforcement 4 | . 1 . 1 . 2 Assault . | . . . . . . Garrison 2 | . . . 2 . . Intercept . | . . . . . . Searches Triggered . | . . . . . . Construction Impeded 1 | . . . 1 . . Haulers Reinforced . | . . . . . . Active Scanning Responses . | . . . . . . Cargo Convoy Interrupts . | . . . . . . Stealth | -11 -10 -10 -8 -8 -8 --------- Run | Yrd Mat Sub Mat Gar Mat Distress Signals 7 | . . . 4 . 3 Communications Jammed . | . . . . . . Distress Signals . | . . . . . . Times Spotted 135 | . 15 21 43 13 43 Peak Tracking Total 6 | . 3 6 6 5 6 Tactical Retreats 9 | . . 3 6 . . Traps | -11 -10 -10 -8 -8 -8 ------- Run | Yrd Mat Sub Mat Gar Mat Traps Triggered 4 | . 1 1 1 . 1 Indirectly . | . . . . . . Trap Hack Attempts . | . . . . . . Triggered . | . . . . . . Disarmed . | . . . . . . Reprogrammed . | . . . . . . Reused . | . . . . . . Traps Extracted . | . . . . . . Installed . | . . . . . . Triggered . | . . . . . . Machines | -11 -10 -10 -8 -8 -8 ---------- Run | Yrd Mat Sub Mat Gar Mat Machines Disabled 14 | . 1 . 4 1 8 Max in Single Turn 1 | . 1 . 1 1 1 Garrison Relay 1 | . . . . 1 . Machines Repaired . | . . . . . . Machines Dismantled . | . . . . . . Machines Sabotaged . | . . . . . . Overloaded Fab Kills . | . . . . . . Hacking | -11 -10 -10 -8 -8 -8 --------- Run | Yrd Mat Sub Mat Gar Mat Machines Accessed 19 | . 6 1 9 . 3 Terminals 15 | . 5 . 7 . 3 Fabricators . | . . . . . . Repair Stations 2 | . 1 . 1 . . Recycling Units . | . . . . . . Scanalyzers . | . . . . . . Garrison Access 1 | . . . 1 . . Total Hacks 42 | . 16 2 17 . 7 Successful 18 | . 7 2 8 . 1 Failed 24 | . 9 . 9 . 6 Catastrophic 7 | . 6 . . . 1 Database Lockouts . | . . . . . . Manual 23 | . 8 . 8 . 7 Terminals 28 | . 10 . 11 . 7 Fabricators . | . . . . . . Repair Stations 11 | . 6 . 5 . . Recycling Units . | . . . . . . Scanalyzers . | . . . . . . Garrison Access 1 | . . . 1 . . Terminal Hacks 7 | . 2 2 2 . 1 Record 2 | . . 2 . . . Branch Access Points 1 | . . . 1 . . Locate Traps 1 | . 1 . . . . Hauler Manifests 3 | . 1 . 1 . 1 Fabricator Hacks . | . . . . . . Repair Station Hacks 7 | . 4 . 3 . . Scan Component 4 | . 2 . 2 . . Repair 3 | . 2 . 1 . . Recycling Unit Hacks . | . . . . . . Scanalyzer . | . . . . . . Garrison Access Hacks 1 | . . . 1 . . Unlock Access 1 | . . . 1 . . Unauthorized Hacks 3 | . 1 . 2 . . Terminals 3 | . 1 . 2 . . Botnet 1 | . . . 1 . . Operators 2 | . 1 . 1 . . Fabricators . | . . . . . . Repair Stations . | . . . . . . Recycling Units . | . . . . . . Scanalyzers . | . . . . . . Garrison Access . | . . . . . . Data Cores Recovered 1 | . . . 1 . . Used . | . . . . . . Hacking Detections 12 | . 6 . 3 . 3 Full Trace Events 1 | . . . 1 . . Feedback Events . | . . . . . . Feedback Blocked . | . . . . . . Robot Schematics Acquired . | . . . . . . Robots Built . | . . . . . . Authchips . | . . . . . . Time . | . . . . . . Total Robot Build Rating . | . . . . . . Part Schematics Acquired . | . . . . . . Parts Built . | . . . . . . Authchips . | . . . . . . Time . | . . . . . . Total Part Build Rating . | . . . . . . Parts Repaired 3 | . 2 . 1 . . Time 78 | . 52 . 26 . . Parts Recycled . | . . . . . . Recycled Matter . | . . . . . . Retrieved Matter . | . . . . . . Retrieved Components . | . . . . . . Parts Scanalyzed . | . . . . . . Part Schematics Acquired . | . . . . . . Parts Damaged . | . . . . . . Bothacking | -11 -10 -10 -8 -8 -8 ------------ Run | Yrd Mat Sub Mat Gar Mat Used RIF Installer . | . . . . . . Robots Hacked . | . . . . . . Non-combat . | . . . . . . Combat . | . . . . . . Robot Hacks Applied . | . . . . . . Relay Couplers Released 5 | . . . . 5 . Machine Destruction 5 | . . . . 5 . Fabnet Peak Effective % . | . . . . . . Robots Rewired . | . . . . . . Allies Hacked . | . . . . . . Hacks Repelled . | . . . . . . Allies | -11 -10 -10 -8 -8 -8 -------- Run | Yrd Mat Sub Mat Gar Mat Total Allies . | . . . . . . Largest Group . | . . . . . . Highest-Rated Group . | . . . . . . Highest-Rated Ally . | . . . . . . Total Orders . | . . . . . . Ally Attacks . | . . . . . . Total Damage . | . . . . . . Kills . | . . . . . . Allies Corrupted . | . . . . . . Allies Melted . | . . . . . . Intel | -11 -10 -10 -8 -8 -8 ------- Run | Yrd Mat Sub Mat Gar Mat Robot Analysis Total . | . . . . . . Derelict Logs Recovered 1 | . . 1 . . . Drone Launches . | . . . . . . Drone Recoveries . | . . . . . . Exploration | -11 -10 -10 -8 -8 -8 ------------- Run | Yrd Mat Sub Mat Gar Mat Turns Passed 10330 | 113 1321 5683 1664 383 1166 Spaces Moved 4509 | 55 448 2764 719 166 357 Core 6 | 5 . . . . 1 Treads 4482 | 50 448 2764 719 166 335 Legs . | . . . . . . Wheels . | . . . . . . Hover . | . . . . . . Flight 21 | . . . . . 21 Fastest Speed 50 | 50 160 160 160 160 160 Average Speed 168 | 150 160 164 161 160 235 Slowest Speed 950 | 160 240 240 240 160 950 Overloaded Moves . | . . . . . . Propulsion Burnouts . | . . . . . . Robots Hopped . | . . . . . . Cave-ins Triggered . | . . . . . . Exploration Rate (%) 48 | 4 66 98 58 31 32 Regions Visited 5 Branch Regions 1 Pre-discovered Areas 1 | . . 1 . . . Known Exits Taken 1 | . . . 1 . . Unknown Exits Taken 3 | 1 1 1 . . . Scrap Searched 5 | . . 5 . . . Spaces Dug 25 | . . 23 2 . . Terrain Destroyed 47 | . 1 29 17 . . Melee 1 | . . . 1 . . Projectile 46 | . 1 29 16 . . AOE . | . . . . . . Terrain Rammed . | . . . . . . Walls Destroyed . | . . . . . . Machines Disabled . | . . . . . . Actions | -11 -10 -10 -8 -8 -8 --------- Run | Yrd Mat Sub Mat Gar Mat Total 6365 | 75 978 3518 1032 230 532 Wait 1101 | . 442 524 103 8 24 Move 4506 | 55 447 2763 719 165 357 Hop . | . . . . . . Pick Up 83 | 8 21 11 21 7 15 Fast Attach 47 | 6 5 8 17 . 11 Attach 29 | 1 1 5 7 1 14 Detach 22 | . 3 2 10 . 7 Swap 59 | . 5 21 23 5 5 Drop 83 | . 17 17 26 11 12 Fire 422 | 3 37 166 97 33 86 Melee 1 | . . . 1 . . Ram . | . . . . . . Kick . | . . . . . . Crush 6 | 2 . . 3 . 1 Escape Stasis . | . . . . . . Rewire 1 | . . 1 . . . Trap . | . . . . . . Miscellaneous 5 | . . . 5 . . Route ------- -11/Scrapyard -10/Materials (discovered 2 exits: [*Min] / *Sub) -10/Subcaves (discovered 3 exits: *Mat x2 / [*Rec]) -8/Materials (discovered 2 exits: *Sto / Gar) -8/Garrison (discovered 2 exits: *Mat x2) -8/Materials (discovered 1 exit: *Sto) History --------- Turn | Location | Event 15 | -11/Scrapyard | Discovered new exit (range 13) 114 | -11/Scrapyard | Entered Materials 311 | -10/Materials | Build established: Mutant 779 | -10/Materials | Discovered new exit (range 13) 907 | -10/Materials | Repaired Lgt. Treads 1238 | -10/Materials | Repaired Beam Cannon 1429 | -10/Materials | Discovered new exit (range 3) 1435 | -10/Materials | Entered Subcaves 1560 | -10/Subcaves | Learned location of Zion (-6) 1560 | -10/Subcaves | Met a Zionite searching for "candidates" 1619 | -10/Subcaves | Shifting Twisted Machinery released Sub. Power Source 2003 | -10/Subcaves | Shifting Twisted Machinery released Riot Gun 2035 | -10/Subcaves | Shifting Twisted Machinery released Sub. Power Source 2195 | -10/Subcaves | Discovered new exit (range 16) 2613 | -10/Subcaves | Ambushed by angry Subdweller bent on revenge 3186 | -10/Subcaves | Learned Materials terminal intel 3399 | -10/Subcaves | A swath of the cavern ceiling suddenly collapsed 3934 | -10/Subcaves | Discovered new exit (range 13) 5378 | -10/Subcaves | Shifting Twisted Machinery released Flamer 5425 | -10/Subcaves | Discovered new exit (range 14) 5723 | -10/Subcaves | Shifting Twisted Machinery released Sub. Machine Gun 5739 | -10/Subcaves | Shifting Twisted Machinery released Multitool 5893 | -10/Subcaves | A swath of the cavern ceiling suddenly collapsed 6239 | -10/Subcaves | Core integrity fell below 50% 6403 | -10/Subcaves | Visited Clippyterm 6860 | -10/Subcaves | Ambushed by Subdweller buried in earth 7118 | -10/Subcaves | Entered Materials 7118 | -8/Materials | Evolved 4 slots: Propulsion x2, Utility x2 7119 | -8/Materials | Loaded intel: 12 terminal locations 7122 | -8/Materials | Discovered new exit (range 13) 7231 | -8/Materials | Repaired Lgt. Treads 7575 | -8/Materials | Identified exit to Storage 7862 | -8/Materials | Build established: Scavenger-Mutant 8532 | -8/Materials | Garrison activated, responded to threat 8682 | -8/Materials | Garrison activated, responded to threat 8782 | -8/Materials | Identified exit to Garrison 8782 | -8/Materials | Entered Garrison 8806 | -8/Garrison | Triggered checkpoint 8848 | -8/Garrison | Garrison Relay disabled 8948 | -8/Garrison | Triggered checkpoint 9088 | -8/Garrison | Triggered checkpoint 9125 | -8/Garrison | Discovered new exit (range 12) 9159 | -8/Garrison | Discovered new exit (range 5) 9165 | -8/Garrison | Entered Materials 9329 | -8/Materials | Core integrity fell below 50% 9422 | -8/Materials | Lost 10 parts (1p5n2u2w) 9542 | -8/Materials | Core integrity fell below 20% 9582 | -8/Materials | Lost 6 parts (1p1n2u2w) 10076 | -8/Materials | Discovered exit to Storage (range 15) 10331 | -8/Materials | Destroyed by G-47 Trooper with Particle Gun Last Messages --------------- 10099_ Switching to secondary target: G-47 Trooper. 10099_ G-47 Trooper suffers critical hit (Burn). 10099_ K-01 Serf collects debris. 10102_ G-47 Trooper suffers critical hit (Burn). 10102_ K-01 Serf collects debris. 10103_ G-47 Trooper overheating. 10105_ Aluminum Leg melted. 10105_ G-47 Trooper destroyed. 10105_ K-01 Serf collects debris. 10107_ U-05 Engineer lays Concrete. 10109_ K-01 Serf collects debris. 10110_ U-05 Engineer lays Concrete. 10112_ K-01 Serf collects debris. 10113_ U-05 Engineer lays Concrete. 10116_ K-01 Serf collects debris. 10137_ R-06 Scavenger collects Lgt. Nuclear Core. 10167_ Discarded Transport Network Coupler. 10322_ Y-45 Defender destroyed. 10327_ Acquired 20 matter. 10329_ K-01 Serf collects debris. Map ----- +----------------------------------------------------+ | ????????????????????# ????###########????????? | | ????????????????????# """ ?## T #????????? | | ????????????????????# """ |## #????????? | | ????????????????????# """ ## #????????? | | ????????????????????# ## """ """ #????????? | | ????????????????????# """ ## """ """ #????????? | | ???????????########## ! """ ## """ """ #????????? | | ???????????# # """ ?# #????????? | | ???????????? # ???# #????????? | | ????????????? """ #+##+###########+####?### #??? | | ???????????? """"" # *[ ## #??? | | ???????????? """"" + [% +%""" #? | | ???????????# """"" # *[ % ##=""" ## | | ???????????# """ ############### #???"" ##! | | ???????????# #?????????????# #????? ## | | ????######?# #?????????????# #????????# | | # ### #########################%% #?????? ?# | | ! [ #?????? ?# | | %